 Dungeon Crawl Stone Soup version 0.17.1-2-g5865329 (webtiles) character file.

77 ololoev the Chopper (level 4, 24/35 HPs)
             Began as a Demonspawn Fighter on Jan 25, 2016.
             Quit the game on level 5 of the Dungeon.
             The game lasted 00:04:06 (633 turns).

ololoev the Chopper (Demonspawn Fighter)             Turns: 633, Time: 00:04:06

Health: 24/35      AC: 10    Str: 17    XL:     4   Next: 13%
Magic:  4/4        EV:  4    Int: 10    God:
Gold:   78         SH:  8    Dex: 12    Spells: 0 memorised, 3 levels left

rFire  . . .     SeeInvis .     a - +0 war axe
rCold  . . .     Clarity  .     f - +0 chain mail
rNeg   . . .     SustAt   .     c - +0 shield
rPois  .         Gourm    .     (no helmet)
rElec  .         Spirit   .     (no cloak)
rCorr  .         Warding  .     (no gloves)
rMut   .         Stasis   .     g - +0 pair of boots
MR     .....                    (no amulet)
Stlth  ..........               (no ring)
                                (no ring)

@: not resistant to hostile enchantments, extremely unstealthy
A: talons 1, nightstalker 1
a: no special abilities


Innate Abilities, Weirdness & Mutations

You have sharp toenails.
You are slightly more attuned to the shadows.

Inventory:

Hand Weapons
 a - a +0 war axe (weapon)
Armour
 c - a +0 shield (worn)
 f - a +0 chain mail (worn)
 g - a +0 pair of boots (worn)
Wands
 i - a wand of enslavement (2)
Potions
 b - a potion of brilliance {unknown}
 d - a potion of might
 k - a potion of ambrosia {unknown}
Comestibles
 e - 3 bread rations
 j - a chunk of flesh


   Skills:
 - Level 3.0 Fighting
 * Level 3.4 Axes
 + Level 3.3 Armour
 - Level 2.6 Shields
 - Level 0.2 Evocations


You had 3 spell levels left.
You didn't know any spells.


You were on level 5 of the Dungeon.
You were not hungry.

You visited 1 branch of the dungeon, and saw 5 of its levels.

You collected 78 gold pieces.

............
.#........
#.......###
+..........
##.......#
#<.......#
#.#.#'####
#.#.#.##
#.#.#.@#
#.#.##.#
#.#.##.#
#.#.##.#
#.#.##.# #.#
#..

Notes
Turn   | Place    | Note
--------------------------------------------------------------
     0 | D:1      | ololoev the Demonspawn Fighter began the quest for the Orb.
     0 | D:1      | Reached XP level 1. HP: 18/18 MP: 1/1
   152 | D:2      | Gained mutation: You have sharp toenails. [demonic ancestry]
   152 | D:2      | Reached XP level 2. HP: 8/24 MP: 2/2
   439 | D:3      | Noticed Jessica
   452 | D:3      | Reached XP level 3. HP: 9/29 MP: 3/3
   619 | D:5      | Entered Level 5 of the Dungeon
   628 | D:5      | Gained mutation: You are slightly more attuned to the shadows. [demonic ancestry]
   628 | D:5      | Reached XP level 4. HP: 24/35 MP: 4/4
   633 | D:5      | Quit the game

Dungeon Overview and Level Annotations

Branches:
Dungeon (5/15)
 Temple: D:4-7

Altars:

Annotations:
D:3 Jessica


Message History

Found a bread ration.
You now have 78 gold pieces (gained 10).
Evoke which item? (* to show all) (? for menu, Esc to quit)
Okay, then.
Drop what? 11/52 slots (_ for help) (? for menu, Esc to quit)
You drop a wand of enslavement {empty}.
e - 3 bread rations (gained 1)
There is a stone staircase leading down here.
You climb downwards.
Found a stone staircase leading down.
There is a stone staircase leading up here.
You open the door.
There is an open door here.
There is a stone staircase leading down here.
You climb downwards.
A crimson imp comes into view.
The crimson imp shouts!
There is a stone staircase leading up here.
You closely miss the crimson imp. You block the crimson imp's attack.
You block the crimson imp's attack.
You hit the crimson imp.
The crimson imp is lightly wounded.
You block the crimson imp's attack.
Your shield prevents you from hitting the crimson imp.
The crimson imp hits you but does no damage.
You block the crimson imp's attack.
You slash the crimson imp!
The crimson imp is severely wounded.
The crimson imp hits you but does no damage.
You miss the crimson imp.
The crimson imp is severely wounded.
The crimson imp hits you but does no damage. x2
You slash the crimson imp!
You kill the crimson imp!
You have reached level 4!
You feel clever.
Your demonic ancestry asserts itself...
You slip into the darkness of the dungeon.
You open the door.
There is an open door here.
Are you sure you want to abandon this character and quit the game? (Confirm with "yes".)

There were no monsters in sight!

Vanquished Creatures
  A crimson imp (D:5)
  An ooze (D:3)
  A worm (D:3)
  3 giant geckos
  2 bats
  6 hobgoblins
  A giant cockroach (D:2)
  A giant newt (D:2)
  2 goblins (D:2)
  2 kobolds
  A quokka (D:2)
21 creatures vanquished.

Vanquished Creatures (collateral kills)
  An adder (D:3)
  2 orcs (D:3)
  A giant cockroach (D:3)
  A hobgoblin (D:3)
5 creatures vanquished.

Vanquished Creatures (others)
  An orc wizard (D:3)
  2 orcs (D:3)
3 creatures vanquished.

Grand Total: 29 creatures vanquished

Action                   |  1- 3 |  4- 6 || total
-------------------------+-------+-------++-------
Melee: War axe           |    70 |       ||    70
Evoke: Wand              |     6 |       ||     6

Vault maps used:
D:1:      zelgadis_glass_arrival_large
D:2:      hangedman_decor_push, grunt_dithmenos_smoke_and_mirrors
D:3:      uniq_jessica
D:4:      serial_shops, nicolae_shop_trees, shop, minmay_hollow_rounded_squares
D:5:      nicolae_overflow_hidden_temple, first_bread
